 Dungeon Crawl Stone Soup version 0.31.0-12-g77e489cdc1 (webtiles) character file.

Game seed: 7309961553658796426

67 spaghetti the Trooper (level 4, 36/45 HPs)
             Began as a Naga Chaos Knight on Feb 21, 2024.
             Was a Plaything of Xom.
             Quit the game on level 2 of the Dungeon.
             The game lasted 00:01:36 (1116 turns).

spaghetti the Trooper (Naga Chaos Knight)           Turns: 1116, Time: 00:01:37

Health: 36/45      AC:  5    Str: 15    XL:     4   Next: 18%
Magic:  4/4        EV:  9    Int: 12    God:    Xom [..*...]
Gold:   24         SH:  0    Dex: 12    Spells: 3/3 levels left

rFire   . . .        a - +0 short sword (chaos)
rCold   . . .        (no shield)
rNeg    . . .        b - +2 leather armour
rPois   +            (no helmet)
rElec   .            (no cloak)
rCorr   .            (no gloves)
SInv    +            (no barding)
Will    .....        g - amulet of guardian spirit
Stlth   +            (no ring)
HPRegen 0.27/turn    (no ring)
MPRegen 0.09/turn

%: guardian spirit
@: very slow
A: AC +1, large, see invisible, deformed body, poison resistance, slowness 2,
spit poison 1, naga tail 1
a: Spit Poison, Renounce Religion


You were on level 2 of the Dungeon.
You worshipped Xom.
You were a toy of Xom.
You visited 1 branch of the dungeon, and saw 2 of its levels.

You collected 24 gold pieces.

Inventory:

Hand Weapons
 a - a +0 short sword of chaos (weapon)
Armour
 b - a +2 leather armour (worn)
Jewellery
 g - an amulet of guardian spirit (around neck)
Scrolls
 c - a scroll of butterflies
 f - a scroll of noise {unknown}
Potions
 d - a potion of cancellation {unknown}
 e - a potion of attraction {unknown}


   Skills:
 + Level 4.9 Fighting
 - Level 3.0 Short Blades
 - Level 1.5 Armour
 - Level 0.7 Dodging


You had 3 spell levels left.
You didn't know any spells.
Your spell library was empty.

Dungeon Overview and Level Annotations

Branches:
Dungeon (2/15)

Altars:


Innate Abilities, Weirdness & Mutations

Your serpentine skin is tough. (AC +1)
You have supernaturally acute eyesight. (SInv)
Armour fits poorly on your strangely shaped body.
Your system is resistant to poisons. (rPois)
You cover ground very slowly.
You can spit poison.
You have a snake-like lower body.


Message History

The splash of poison hits the kobold but does no damage.
The kobold is poisoned.
The adder hisses angrily. x2
Found 23 gold pieces.
You have got your breath back.
You kill the kobold!
The adder bites you but does no damage. The adder bites you. x3
You hit the adder.
The adder seems to slow down.
You freeze the adder.
The adder is lightly wounded.
The adder bites you.
You hit the adder but do no damage.
The adder suddenly seems more resistant.
Xom is amused.
The adder is lightly wounded.
The adder bites you. The adder bites you but does no damage.
You are too injured to fight recklessly!
You are too injured to fight recklessly!
You are too injured to fight recklessly!
You are too injured to fight recklessly!
You are too injured to fight recklessly!
You are too injured to fight recklessly!
You are too injured to fight recklessly!
You are too injured to fight recklessly!
You are too injured to fight recklessly!
You are too injured to fight recklessly!
You are too injured to fight recklessly!
You are too injured to fight recklessly!
You are too injured to fight recklessly!
You are too injured to fight recklessly!
You are too injured to fight recklessly!
You are too injured to fight recklessly!
You are too injured to fight recklessly!
You are too injured to fight recklessly!
You are too injured to fight recklessly!
You are too injured to fight recklessly!
You are too injured to fight recklessly!
You are too injured to fight recklessly!
You are too injured to fight recklessly!
You are too injured to fight recklessly!
Are you sure you want to abandon this character and quit the game? (Confirm with "yes".)

#........ #$.......
#.<...... ...
#........ ....
##........ .....
#......... .......
#SS).$.... ........##
#.@.......
#...##...###.##......
..............##.#####
...........>.........
..........††####.####
#...........# #
#...........#
#........#######
#.....).........


You could see 2 adders.

Vanquished Creatures
  A hound (D:1)
  An adder (D:2)
  3 endoplasms (D:1)
  4 goblins
  4 hobgoblins
  A kobold (D:2)
  A quokka (D:1)
  A bat (D:1)
  6 frilled lizards (D:1)
  7 rats
29 creatures vanquished.

Vanquished Creatures (collateral kills)
  A kobold (D:1)
1 creature vanquished.

Grand Total: 30 creatures vanquished

Notes
Turn   | Place    | Note
-------+----------+-------------------------------------------
     0 | D:1      | spaghetti the Naga Chaos Knight began the quest for the
                  | Orb.
     0 | D:1      | Reached XP level 1. HP: 21/21 MP: 1/1
   123 | D:1      | Reached XP level 2. HP: 22/28 MP: 2/2
   275 | D:1      | XOM: silly message
   521 | D:1      | Reached skill level 4 in Fighting
   612 | D:1      | Reached XP level 3. HP: 21/37 MP: 3/3
   846 | D:1      | XOM: divination: magic mapping
  1105 | D:2      | Reached XP level 4. HP: 45/45 MP: 4/4
  1116 | D:2      | Quit the game

Illustrated notes

Levels and vault maps discovered:
D:1:      onia_arrival_handbag, layout_loops_corners, kennysheep_flooded_box
D:2:      layout_basic, ebering_ecumenical_altar_hall, uniq_terence

Skill      XL: |  1  2 |
---------------+-------+-----
Fighting       | 4 |  4.9
Short Blades   | |  3.0
Armour         | |  1.5
Dodging        | |  0.7

Action                     |  1- 3 |  4- 6 || total
---------------------------+-------+-------++-------
  Melee: Short sword       |    67 |     4 ||    71
Ability: Spit Poison       |    18 |     1 ||    19
 Armour: Leather armour    |    43 |     7 ||    50
  Dodge: Dodged            |    30 |       ||    30
